 Dungeon Crawl Stone Soup version 0.22-a0-402-ga933591907 (console) character file.

36 Garrluk the Chucker (level 3, 0/36 HPs)
             Began as an Ogre Hunter on May 6, 2018.
             Succumbed to an adder's poison
             ... on level 2 of the Dungeon.
             The game lasted 00:02:21 (394 turns).

Garrluk the Chucker (Ogre Hunter)                    Turns: 394, Time: 00:02:22

Health: 0/36       AC:  3    Str: 16    XL:     3   Next: 37%
Magic:  3/3        EV: 15    Int: 18    God:
Gold:   12         SH:  0    Dex: 14    Spells: 2/2 levels left

rFire    . . .     SeeInvis .   g - +0 mace
rCold    . . .     Gourm    .   (no shield)
rNeg     . . .     Faith    .   b - +0 robe
rPois    .         Spirit   .   (helmet restricted)
rElec    .         Reflect  .   (no cloak)
rCorr    .         Harm     .   (gloves unavailable)
MR       .....                  (boots unavailable)
Stlth    +++.......             (no amulet)
HPRegen  0.12/turn              (no ring)
MPRegen  0.08/turn              (no ring)

@: brilliant, agile, lethally poisoned (0 -> -7)
A: large, unfitting armour, tough skin 1
a: no special abilities


You were on level 2 of the Dungeon.
You were not hungry.

You visited 1 branch of the dungeon, and saw 2 of its levels.

You collected 12 gold pieces.

Notes
Turn   | Place    | Note
-------+----------+-------------------------------------------
     0 | D:1      | Garrluk the Ogre Hunter began the quest for the Orb.
     0 | D:1      | Reached XP level 1. HP: 22/22 MP: 1/1
    39 | D:1      | Reached XP level 2. HP: 27/29 MP: 2/2
   118 | D:1      | Reached skill level 1 in Maces & Flails
   246 | D:2      | Reached XP level 3. HP: 26/36 MP: 3/3
   392 | D:2      | HP: 1/36 [poisoned by an adder]
   394 | D:2      | Succumbed to an adder's poison

Inventory:

Hand Weapons
 a - a +0 short sword
 g - a +0 mace (weapon)
   (You found it on level 1 of the Dungeon)
Missiles
 l - 27 stones (quivered)
Armour
 b - a +0 robe (worn)
Scrolls
 h - a scroll of teleportation {unknown}
 j - a scroll of immolation {unknown}
 k - a scroll of enchant weapon {unknown}
Potions
 e - a potion of agility
Comestibles
 f - 2 rations

Table legend:
 A = Turns spent in this place as a percentage of turns spent in the entire game.
 B = Non-inter-level travel turns spent in this place as a percentage of non-inter-level travel turns spent in the entire game.
 C = Inter-level travel turns spent in this place as a percentage of turns spent in this place.
 D = Turns resting spent in this place as a percentage of non-inter-level travel turns spent in this place.
 E = Turns spent auto-exploring this place as a percentage of non-inter-level travel turns spent in this place.
 F = Non-inter-level travel turns spent in this place divided by the number of levels of this place that you've seen.
                   A       B       C       D       E      F
               +-------+-------+-------+-------+-------+----------------------
         Total | 100.0 | 100.0 |  24.1 |   0.0 |  39.1 | 149.5
       Dungeon | 100.0 | 100.0 |  24.1 |   0.0 |  39.1 | 149.5
               +-------+-------+-------+-------+-------+----------------------


   Skills:
 - Level 2.6 Fighting
 + Level 1.4 Maces & Flails
 + Level 4.7 Throwing
 - Level 1.7 Dodging
 - Level 0.6 Stealth


You had 2 spell levels left.
You didn't know any spells.

Dungeon Overview and Level Annotations

Branches:
Dungeon (2/15)

Altars:


Innate Abilities, Weirdness & Mutations

You are too large for most types of armour.
You have tough skin. (AC +1)


Message History

You feel sick. The adder closely misses you. x2
You hit the adder.
You kill the adder!
* * * LOW HITPOINT WARNING * * *
You feel sick.
* * * LOW HITPOINT WARNING * * *
You feel sick.
It was a potion of agility.
You feel agile all of a sudden.
* * * LOW HITPOINT WARNING * * *
You feel sick.
It was a potion of brilliance.
You feel clever all of a sudden.
There is a lethal amount of poison in your body!
There is a lethal amount of poison in your body!
There is a lethal amount of poison in your body!
There is a lethal amount of poison in your body!
There is a lethal amount of poison in your body!
There is a lethal amount of poison in your body!
You die...

#####
#...
####.####
#(@.<...#
#.##.##.#
#.$ #.#
#.#. ...
##.. #.##
#. ..# ..
... ##
.##


There were no monsters in sight!

Table legend:
 A = Kills in this place as a percentage of kills in entire the game.
 B = Kills by you in this place as a percentage of kills by you in the entire game.
 C = Kills by friends in this place as a percentage of kills by friends in the entire game.
 D = Other kills in this place as a percentage of other kills in the entire game.
 E = Experience gained in this place as a percentage of experience gained in the entire game.
 F = Experience gained in this place divided by the number of levels of this place that you have seen.
                   A       B       C       D       E      F
               +-------+-------+-------+-------+-------+----------------------
         Total | 100.0 | 100.0 |   N/A |   N/A | 100.0 |  26.0
       Dungeon | 100.0 | 100.0 |   N/A |   N/A | 100.0 |  26.0
               +-------+-------+-------+-------+-------+----------------------

Vanquished Creatures
  Monster Symbol All 'J'
  An ooze (D:1)
1 creature vanquished. All 'K' A kobold (D:1)
1 creature vanquished. All 'S' An adder (D:2) A ball python (D:2)
2 creatures vanquished. All 'b' 7 bats
7 creatures vanquished. All 'g' A goblin (D:2) 2 hobgoblins (D:1)
3 creatures vanquished. All 'l' 2 frilled lizards (D:1)
2 creatures vanquished. All 'r' 4 rats
4 creatures vanquished. All 's' A giant cockroach (D:2)
1 creature vanquished. All 'w' 2 dart slugs (D:1)
2 creatures vanquished.
23 creatures vanquished. Monster Nature Natural Monsters An adder (D:2) An ooze (D:1) 2 dart slugs (D:1) 7 bats A giant cockroach (D:2) A goblin (D:2) 2 hobgoblins (D:1) A ball python (D:2) 2 frilled lizards (D:1) A kobold (D:1) 4 rats
23 creatures vanquished.
23 creatures vanquished. Ascending Order An adder (D:2) An ooze (D:1) A giant cockroach (D:2) A goblin (D:2) A ball python (D:2) A kobold (D:1) 2 dart slugs (D:1) 2 hobgoblins (D:1) 2 frilled lizards (D:1) 4 rats 7 bats
23 creatures vanquished.

Action                   || total
-------------------------++-------
Melee: Mace              ||    62
       Short sword       ||     7
Throw: Large rock        ||     5
       Throwing net      ||     2
       Stone             ||     1
  Use: Potion            ||     2
 Stab: Sleeping          ||     1
Armor: Robe              ||    29
Dodge: Dodged            ||    53
